 Dungeon Crawl Stone Soup version 0.23.2-1-ga50397a6bc (console) character file.

Game seed: 4981207049028572861

374 Dragon00 the Skirmisher (level 6, -8/85 HPs)
             Began as a Minotaur Berserker on May 14, 2019.
             Was a Priest of Trog.
             Mangled by an ogre
             ... wielding a +0 giant spiked club
              (20 damage)
             ... on level 4 of the Dungeon on May 15, 2019.
             The game lasted 00:28:54 (2793 turns).

Dragon00 the Skirmisher (Minotaur Berserker)        Turns: 2793, Time: 00:28:55

Health: -8/85      AC:  7    Str: 27    XL:     6   Next: 43%
Magic:  5/5        EV: 11    Int:  4    God:    Trog [***...]
Gold:   194        SH:  0    Dex: 11    Spells: 5/5 levels left

rFire    . . .     SeeInvis .   a - +1 hand axe
rCold    . . .     Gourm    .   (no shield)
rNeg     . . .     Faith    .   j - +0 scale mail
rPois    .         Spirit   .   (helmet restricted)
rElec    .         Reflect  .   (no cloak)
rCorr    +         Harm     .   (no gloves)
MR       .....                  (no boots)
Stlth    ..........             (no amulet)
HPRegen  0.24/turn              u - ring of resist corrosion
MPRegen  0.09/turn              (no ring)

@: berserking, very quick
A: retaliatory headbutt, horns 2
a: Berserk, Trog's Hand, Renounce Religion


You were on level 4 of the Dungeon.
You worshipped Trog.
Trog was most pleased with you.
You were hungry.

You visited 1 branch of the dungeon, and saw 4 of its levels.

You collected 194 gold pieces.

Inventory:

Hand Weapons
 a - a +1 hand axe (weapon)
 b - a +0 hunting sling
 m - a cursed -2 war axe
Missiles
 d - 69 stones (quivered)
Armour
 j - a +0 scale mail (worn)
Jewellery
 u - a ring of resist corrosion (left hand)
 v - a +2 ring of dexterity {unknown}
Scrolls
 h - a scroll of fear
 i - a scroll of remove curse
 q - a scroll of immolation {unknown}
 s - 2 scrolls of teleportation {unknown}
 w - a scroll of identify
Potions
 e - a potion of haste {unknown}
 k - a potion of cancellation {unknown}
 l - 2 potions of resistance {unknown}
 n - a potion of lignification {unknown}
 o - a potion of might {unknown}
 p - 2 potions of curing
 r - a potion of berserk rage {unknown}
 t - a potion of brilliance {unknown}
Comestibles
 c - 8 rations
 g - 6 chunks of flesh


   Skills:
 * Level 5.9 Fighting
 * Level 5.8 Axes
 + Level 4.0 Armour
 + Level 3.6 Dodging


You had 5 spell levels left.
You didn't know any spells.
Your spell library was empty.

Dungeon Overview and Level Annotations

Branches:
Dungeon (4/15)
 Temple: D:4-7

Altars:
Nemelex Xobeh

Shops:
D:4 *

Annotations:
D:4 Ijyb


Innate Abilities, Weirdness & Mutations

You reflexively headbutt those who attack you in melee.
You have a pair of horns on your head.


Message History

You feel much better. Ijyb barely misses you. The ogre closely misses you.
Ijyb zaps a wand.
You suddenly lose the ability to move!
The ogre barely misses you. Ijyb completely misses you.
The ogre hits you with a +0 giant spiked club!
Ijyb zaps a wand.
You resist with some effort. Ijyb hits you but does no damage.
The ogre completely misses you.
Ijyb zaps a wand.
You shrug off the repeated paralysis!
You can move again.
A red film seems to cover your vision as you go berserk!
You feel yourself moving faster!
You feel mighty!
You are feeling hungry.
The ogre hits you with a +0 giant spiked club!!
* * * LOW HITPOINT WARNING * * *
Ijyb hits you but does no damage.
You hit the ogre. Your headbutt misses the ogre.
The ogre is severely wounded.
You hit Ijyb.
The ogre hits you with a +0 giant spiked club!!
You die...

############
#..........#
#..........#
#..........#
#.......)..#
#........รท.########
#.................##.
#....................
#........<@O...(..#
#.....)....g.....(#
#####)#####.......(..
#.# #?....(..(. #.#
#......(#(. #.#
#.......# . #.#
#......... #.#
########.# . #.# .


You could see an ogre and Ijyb.

Vanquished Creatures
  An ice beast (D:2)
  An orc wizard (D:4)
  Terence (D:2)
  A worker ant (D:4)
  Robin (D:2)
  6 adders
  2 oozes (D:3)
  6 worms
  A dart slug (D:2)
  2 leopard geckos
  8 orcs
  2 ball pythons
  12 giant cockroaches
  19 goblins
  8 hobgoblins
  7 jackals
  2 quokkas
  4 bats
  5 frilled lizards
  2 kobolds
  A leopard gecko skeleton (D:4)
  4 rats
96 creatures vanquished.

Notes
Turn   | Place    | Note
-------+----------+-------------------------------------------
     0 | D:1      | Dragon00 the Minotaur Berserker began the quest for the
                  | Orb.
     0 | D:1      | Reached XP level 1. HP: 19/19 MP: 0/0
   232 | D:1      | Reached XP level 2. HP: 24/27 MP: 1/1
   639 | D:2      | Noticed Terence
   660 | D:2      | Killed Terence
   660 | D:2      | Reached XP level 3. HP: 27/33 MP: 2/2
   841 | D:2      | Reached XP level 4. HP: 39/41 MP: 3/3
   969 | D:2      | Reached ** piety under Trog
  1187 | D:2      | Noticed an ice beast
  1200 | D:2      | Killed an ice beast
  1200 | D:2      | Reached skill level 5 in Fighting
  1200 | D:2      | Reached skill level 5 in Axes
  1200 | D:2      | Reached XP level 5. HP: 23/48 MP: 4/4
  1378 | D:2      | Noticed Robin
  1398 | D:2      | Killed Robin
  1542 | D:2      | You fall through a shaft for 2 floors!
  1770 | D:4      | Found Zekame's Assorted Antiques.
  1801 | D:3      | Found a sparkling altar of Nemelex Xobeh.
  1830 | D:3      | Reached XP level 6. HP: 55/56 MP: 5/5
  2369 | D:3      | Reached *** piety under Trog
  2775 | D:4      | Noticed Ijyb
  2786 | D:4      | Paralysed by Ijyb for 6 turns
  2793 | D:4      | Mangled by an ogre

Skill      XL: |  1  2  3  4  5  6 |
---------------+-------------------+-----
Fighting       | 4 5 |  5.9
Axes           | 4 5 |  5.8
Armour         | 3 4 |  4.0
Dodging        | 3 |  3.6

Action                   |  1- 3 |  4- 6 || total
-------------------------+-------+-------++-------
Melee: Hand axe          |    54 |   155 ||   209
       Headbutt          |    11 |    30 ||    41
 Fire: Hunting sling     |     2 |    49 ||    51
Throw: Stone             |    32 |     9 ||    41
Invok: Berserk           |       |     3 ||     3
  Use: Potion            |     2 |     1 ||     3
       Scroll            |     5 |     1 ||     6
  Eat: Chunk             |       |     8 ||     8
Armor: Animal skin       |     1 |       ||     1
       Leather armour    |     3 |       ||     3
       Scale mail        |     2 |    41 ||    43
Dodge: Dodged            |    22 |    76 ||    98
